 Dungeon Crawl Stone Soup version 0.30.1-4-g462c640d31 (webtiles) character file.

Game seed: 2284229339837969405

76 cbfl8 the Trooper (level 4, -3/35 HPs)
             Began as a Demonspawn Fighter on Sept 8, 2023.
             Slain by a gnoll
             ... wielding a +0 halberd
              (7 damage)
             ... on level 2 of the Dungeon.
             The game lasted 00:03:21 (2526 turns).

cbfl8 the Trooper (Demonspawn Fighter)              Turns: 2526, Time: 00:03:21

Health: -3/35      AC:  9    Str: 16    XL:     4   Next: 12%
Magic:  4/4        EV:  7    Int: 10    God:
Gold:   133        SH:  5    Dex: 14    Spells: 3/3 levels left

rFire   . . .        a - +0 war axe
rCold   . . .        c - +0 buckler
rNeg    . . .        o - +0 chain mail
rPois   .            (no helmet)
rElec   .            (no cloak)
rCorr   .            (no gloves)
SInv    .            (no boots)
Will    .....        (no amulet) Stlth
                     (no ring)
HPRegen 0.25/turn    (no ring)
MPRegen 0.18/turn

%: no passive effects
@: about to teleport
A: magic regeneration, demonic touch 1
a: no special abilities


You were on level 2 of the Dungeon.
You visited 1 branch of the dungeon, and saw 3 of its levels.

You collected 133 gold pieces.

Inventory:

Hand Weapons
 a - a +0 war axe (weapon)
Armour
 c - a +0 buckler (worn)
 o - a +0 chain mail (worn)
Scrolls
 e - a scroll of silence {unknown}
 f - 2 scrolls of teleportation
 h - a scroll of summoning {unknown}
 i - a scroll of torment {unknown}
 k - 5 scrolls of identify {unknown}
 n - a scroll of noise {unknown}
Potions
 b - a potion of heal wounds {unknown}
 d - a potion of might
 g - 2 potions of haste
 j - a potion of berserk rage {unknown}
 l - a potion of cancellation {unknown}
 m - a potion of curing {unknown}


   Skills:
 + Level 3.4 Fighting
 + Level 2.6 Axes
 + Level 3.1 Armour
 + Level 3.0 Shields
 * Level 1.3 Evocations


You had 3 spell levels left.
You didn't know any spells.
Your spell library contained the following spells:

 Spells                   Type           Power      Damage    Failure   Level
 Scorch                   Fire           0%         2d5       100%        2
 Flame Wave               Conj/Fire      0%         2d4       100%        4
 Summon Cactus Giant      Summ           0%         N/A       100%        6


Dungeon Overview and Level Annotations

Branches:
Dungeon (3/15)

Altars:


Innate Abilities, Weirdness & Mutations

You regenerate magic rapidly.
Your touch may inflict minor irresistible damage on your foes.


Message History

You start waiting.
Done waiting.
Things that are here:
a +0 whip; a +0 scale mail
There is a stone staircase leading down here.
You climb downwards.
There is a stone staircase leading up here.
Done exploring.
Done exploring.
No target in view!
Done exploring.
No target in view!
Done exploring.
No target in view!
Done exploring.
There is a stone staircase leading up, spattered with blood here.
You see here a +0 chain mail.
You see here a +0 short sword.
There is an escape hatch in the ceiling here.
There is a stone staircase leading down here.
You see here a +0 short sword.
A gnoll is nearby!
The gnoll shouts!
You hear a shout!
The gnoll hits you from afar with a +0 halberd!
Unknown command.
The gnoll hits you with a +0 halberd!
The gnoll hits you from afar with a +0 halberd.
Unknown command.
You slash the gnoll!
The gnoll is severely wounded.
The gnoll closely misses you.
The gnoll hits you from afar with a +0 halberd.
The gnoll hits you with a +0 halberd.
The gnoll hits you from afar with a +0 halberd!
* * * LOW HITPOINT WARNING * * *
The gnoll barely misses you.
As you read the scroll of teleportation, it crumbles to dust.
You feel strangely unstable.
The gnoll hits you from afar with a +0 halberd!
You die...

#.....######.##.#.## #...###
##...#..#.## #.).#
####......###.######
######...###........## ##<....##
#............#.......###.####...
#.##.....#............#.########
#.##.#.#.#.###..#.##...........#
#.##.#.#.#.###..#.##...#######..
#.##.#......gg.@............####
#.##.##.#.........##..#####.#
#.##...###.###.#####..# #.#
#.#####.#..###.## #..# #.# #.#
##....#...####..# #.# #.#
#..#...#[......# #)# #.#
##...#...####.## #.# #.#
##...........# #.#### #.#
#####.####### #.<.†.


You could see 2 gnolls.

Vanquished Creatures
  2 gnolls (D:1)
  A dart slug (D:3)
  2 ball pythons (D:1)
  7 bats (D:1)
  5 endoplasms
  3 goblins (D:2)
  6 hobgoblins
  7 jackals (D:1)
  2 quokkas (D:1)
  2 frilled lizards
  6 kobolds
  3 rats (D:1)
46 creatures vanquished.

Notes
Turn   | Place    | Note
-------+----------+-------------------------------------------
     0 | D:1      | cbfl8 the Demonspawn Fighter began the quest for the Orb.
     0 | D:1      | Reached XP level 1. HP: 18/18 MP: 1/1
   291 | D:1      | Discovered your monstrous ancestry.
   291 | D:1      | Gained mutation: Your touch may inflict minor irresistible
                  | damage on your foes. [demonic ancestry]
   291 | D:1      | Reached XP level 2. HP: 18/24 MP: 2/2
   450 | D:1      | Found a faded altar of an unknown god.
   456 | D:1      | Reached skill level 1 in Evocations
   501 | D:1      | Gained mutation: You regenerate magic rapidly. [demonic
                  | ancestry]
   501 | D:1      | Reached XP level 3. HP: 29/29 MP: 3/3
  1283 | D:2      | You fall into a shaft and drop 1 floor!
  2178 | D:1      | Reached XP level 4. HP: 10/35 MP: 4/4
  2526 | D:2      | Slain by a gnoll

Illustrated notes

Levels and vault maps discovered:
D:1:      dpeg_arrival_rooms_c, layout_basic, basic_ecumenical_altar,
          serial_corexii_hall, corexii_hall_statues_l,
          chequers_hall_statues_wall_a
D:2:      layout_loops_ring
D:3:      layout_loops_corners, zin_scriptorium, uniq_terence

Skill      XL: |  1  2  3 |
---------------+----------+-----
Axes           | 2 |  2.6
Evocations     | 1 |  1.3
Armour         | 3 |  3.1
Shields        | 3 |  3.0
Fighting       | |  3.4

Action                     |  1- 3 |  4- 6 || total
---------------------------+-------+-------++-------
  Melee: War axe           |   145 |     1 ||   146
    Use: Scroll            |     1 |     1 ||     2
         Potion            |     1 |       ||     1
 Armour: Scale mail        |    46 |       ||    46
         Chain mail        |    36 |       ||    36
  Dodge: Dodged            |    63 |     2 ||    65
  Block: Buckler           |    38 |       ||    38
